 Dungeon Crawl Stone Soup version 0.24.1 (webtiles) character file.

Game seed: 6096118612222112689, levelgen mode: deterministic

280 Peloso the Slasher (level 6, -14/53 HPs)
             Began as a Minotaur Fighter on Apr 7, 2020.
             Demolished by an ogre
             ... wielding a +0 giant spiked club
              (29 damage)
             ... on level 4 of the Dungeon.
             The game lasted 00:04:09 (2111 turns).

Peloso the Slasher (Minotaur Fighter)               Turns: 2111, Time: 00:04:09

Health: -14/53     AC: 10    Str: 26    XL:     6   Next: 5%
Magic:  5/5        EV:  8    Int:  7    God:
Gold:   142        SH: 10    Dex: 11    Spells: 5/5 levels left

rFire    . . .     SeeInvis .   a - +1 long sword
rCold    . . .     Gourm    .   c - +0 shield
rNeg     . . .     Faith    .   b - +0 scale mail
rPois    .         Spirit   .   (helmet restricted)
rElec    .         Reflect  .   h - +2 cloak
rCorr    .         Harm     .   (no gloves)
MR       .....                  (no boots)
Stlth    ..........             (no amulet)
HPRegen  0.17/turn              g - +2 ring of intelligence
MPRegen  0.09/turn              (no ring)

@: mighty
A: retaliatory headbutt, horns 2
a: no special abilities


You were on level 4 of the Dungeon.
You were very hungry.

You visited 1 branch of the dungeon, and saw 4 of its levels.

You collected 142 gold pieces.

Inventory:

Hand Weapons
 a - a +1 long sword (weapon)
Armour
 b - a +0 scale mail (worn)
 c - a +0 shield (worn)
 h - a +2 cloak (worn)
Jewellery
 g - a +2 ring of intelligence (left hand)
 k - an uncursed amulet of the acrobat {unknown}
Wands
 m - a wand of digging (4)
Scrolls
 i - 2 scrolls of identify
 o - a scroll of fog
Potions
 d - 2 potions of might
 e - a potion of flight
Comestibles
 f - 7 rations


   Skills:
 + Level 4.4 Fighting
 + Level 5.1 Long Blades
 + Level 4.8 Armour
 + Level 1.3 Dodging
 + Level 5.0 Shields


You had 5 spell levels left.
You didn't know any spells.
Your spell library contained the following spells:

 Spells                   Type           Power        Failure   Level  Hunger
 Magic Dart               Conj           #...         98%         1    ##.....
 Blink                    Tloc           N/A          99%         2    ###....
 Call Imp                 Summ           #.......     99%         2    ###....
 Slow                     Hex            #.......     99%         2    ###....
 Conjure Flame            Conj/Fire      #.......     100%        3    ####...
 Mephitic Cloud           Conj/Pois/Air  #.......     100%        3    ####...


Dungeon Overview and Level Annotations

Branches:
Dungeon (4/15)
 Temple: D:4-7

Altars:
Ashenzari
Gozag
Makhleb
Trog
The Shining One
Beogh

Annotations:
D:3 3 runed translucent doors, Destapler's ghost, amateur MiBe


Innate Abilities, Weirdness & Mutations

You reflexively headbutt those who attack you in melee.
You have a pair of horns on your head.


Message History

An ogre comes into view. It is wielding a +0 giant spiked club.
The orc priest completely misses you.
Your shield and scale mail prevent you from hitting the orc priest.
The orc priest is almost dead.
The orc priest invokes the aid of Beogh against you.
Beogh smites you!
* * * LOW HITPOINT WARNING * * *
You hit the orc priest.
You kill the orc priest!
Your Long Blades skill increases to level 5!
Your Shields skill increases to level 5!
You have reached level 6!
Your experience leads to an increase in your attributes!
Your base attributes are Str 21, Int 5, Dex 10.
Increase (S)trength, (I)ntelligence, or (D)exterity?
You feel agile.
You feel very mighty all of a sudden.
The ogre hits you with a +0 giant spiked club!!
Ouch! That really hurt!
You die...

.........####... .##
._..8....# .........#
......_..###
...........# #
##.......#.########.####
#.#######(.............
.. #######.##.#.. #@#
#O# #[# #)# #....o.#
###...... ##..## .# ..


You could see an ogre.

Vanquished Creatures
  3 iron imps (D:3)
  An orc priest (D:4)
  A worker ant (D:4)
  3 gnolls (D:4)
  2 adders (D:2)
  An ooze (D:1)
  A worm (D:4)
  A leopard gecko (D:2)
  9 orcs
  6 giant cockroaches
  10 goblins
  10 hobgoblins
  2 jackals (D:3)
  3 quokkas
  A ball python (D:4)
  3 bats
  2 frilled lizards (D:1)
  8 kobolds
  9 rats
76 creatures vanquished.

Notes
Turn   | Place    | Note
-------+----------+-------------------------------------------
     0 | D:1      | Peloso the Minotaur Fighter began the quest for the Orb.
     0 | D:1      | Reached XP level 1. HP: 19/19 MP: 0/0
    95 | D:1      | Reached XP level 2. HP: 24/27 MP: 1/1
   316 | D:1      | Reached XP level 3. HP: 32/33 MP: 2/2
   853 | D:2      | Found a glowing golden altar of the Shining One.
  1332 | D:3      | Reached XP level 4. HP: 40/40 MP: 3/3
  1607 | D:3      | Found a runed translucent gate.
  1607 | D:3      | Found a runed translucent gate.
  1607 | D:3      | Found a runed translucent gate.
  1607 | D:3      | Noticed Destapler's ghost (amateur MiBe)
  1608 | D:3      | Found a roughly hewn altar of Beogh.
  1660 | D:3      | Found a burning altar of Makhleb.
  1708 | D:3      | Reached XP level 5. HP: 42/46 MP: 4/4
  2056 | D:4      | Found a shattered altar of Ashenzari.
  2063 | D:4      | Reached skill level 1 in Dodging
  2065 | D:4      | Found an opulent altar of Gozag.
  2065 | D:4      | Found a bloodstained altar of Trog.
  2106 | D:4      | Noticed an ogre
  2108 | D:4      | Reached skill level 5 in Long Blades
  2108 | D:4      | Reached skill level 5 in Shields
  2108 | D:4      | Reached XP level 6. HP: 14/53 MP: 5/5
  2111 | D:4      | Demolished by an ogre

Levels and vault maps discovered:
D:1:      dpeg_arrival_tiny_h, layout_loops_cross, minmay_misc_feat_iff,
          grunt_decor_clamped
D:2:      layout_loops_ring, tso_oasis_becter
D:3:      layout_rooms, demons_altar, biasface_ghost_orc_armoury, dk_vineyard_3
D:4:      layout_loops_cross, gammafunk_temple_overflow_elements,
          grunt_temple_overflow_open, nicolae_ossuary_entry_plus,
          nemelex_spade_bored_becter

Skill      XL: |  1  2  3  4  5 |
---------------+----------------+-----
Armour         | 4 |  4.8
Shields        | 4 5 |  5.0
Fighting       | 4 |  4.4
Long Blades    | 3 4 5 |  5.1
Dodging        | 1 |  1.3

Action                   |  1- 3 |  4- 6 || total
-------------------------+-------+-------++-------
Melee: Long sword        |    82 |   105 ||   187
       Headbutt          |    17 |    20 ||    37
  Use: Potion            |     3 |     1 ||     4
       Scroll            |       |     4 ||     4
  Eat: Chunk             |       |     3 ||     3
Armor: Scale mail        |    46 |    44 ||    90
Dodge: Dodged            |    21 |    39 ||    60
Block: Shield            |    42 |    50 ||    92
       Rpst.: Long sword |     5 |     8 ||    13
